 Dungeon Crawl Stone Soup version 0.21-a0-434-g806c6c2 (webtiles) character file.

61 slep the Slasher (level 3, -1/27 HPs)
             Began as a Demonspawn Gladiator on Nov 8, 2017.
             Slain by Ekaitz's ghost (5 damage)
             ... on level 3 of the Dungeon.
             The game lasted 00:05:10 (1416 turns).

slep the Slasher (Demonspawn Gladiator)             Turns: 1416, Time: 00:05:10

Health: -1/27      AC:  6    Str: 14    XL:     3   Next: 83%
Magic:  3/3        EV: 12    Int:  9    God:
Gold:   61         SH:  3    Dex: 15    Spells: 2/2 levels left

rFire    . . .     SeeInvis .   a - +0 long sword
rCold    . . .     Gourm    .   m - +0 buckler
rNeg     . . .     Faith    +   b - +0 leather armour
rPois    .         Spirit   .   q - +2 helmet
rElec    .         Reflect  .   (no cloak)
rCorr    .         Harm     .   (no gloves)
MR       .....                  (no boots)
Stlth    +.........             s - amulet of faith
HPRegen  0.09/turn              (no ring)
MPRegen  0.08/turn              (no ring)

@: no status effects
A: talons 1, powered by pain 1
a: no special abilities


You were on level 3 of the Dungeon.
You were not hungry.

You visited 1 branch of the dungeon, and saw 3 of its levels.

You collected 61 gold pieces.

Inventory:

Hand Weapons
 a - a +0 long sword (weapon)
 k - a +2 dagger of flaming
Missiles
 d - 3 throwing nets (quivered)
Armour
 b - a +0 leather armour (worn)
 c - a +0 helmet
 m - a +0 buckler (worn)
 q - a +2 helmet (worn)
Jewellery
 s - an amulet of faith (around neck)
Scrolls
 e - a scroll of blinking {unknown}
 h - a scroll of remove curse {unknown}
 l - 6 scrolls of identify {unknown}
 o - a scroll of magic mapping {unknown}
 r - a scroll of amnesia {unknown}
 v - a scroll of recharging {unknown}
 x - a scroll of fear {unknown}
Potions
 g - a potion of cancellation {unknown}
 i - 3 potions of haste {unknown}
 j - a potion of agility {unknown}
 n - a potion of ambrosia {unknown}
 p - a potion of berserk rage {unknown}
 u - a potion of lignification {unknown}
Comestibles
 f - a bread ration
 t - a meat ration


   Skills:
 + Level 2.1 Fighting
 + Level 3.6 Long Blades
 + Level 1.8 Throwing
 + Level 1.2 Armour
 + Level 3.1 Dodging


You had 2 spell levels left.
You didn't know any spells.

Dungeon Overview and Level Annotations

Branches:
Dungeon (3/15)

Altars:

Annotations:
D:3 Ekaitz's ghost, amateur DrSk


Innate Abilities, Weirdness & Mutations

You have sharp toenails.
You sometimes gain a little power by taking damage.


Message History

You barely miss Ekaitz's ghost.
Ekaitz's ghost is heavily damaged.
Ekaitz's ghost shouts, "You must not fail where I succeeded!"
Ekaitz's ghost barely misses you.
Ekaitz's ghost's shroud bends your attack away.
Ekaitz's ghost hits you but does no damage.
Ekaitz's ghost hits you.
* * * LOW HITPOINT WARNING * * *
You barely miss Ekaitz's ghost.
You claw Ekaitz's ghost, but do no damage.
Ekaitz's ghost is heavily damaged.
Ekaitz's ghost hits you.
* * * LOW HITPOINT WARNING * * *
You closely miss Ekaitz's ghost. Your kick misses Ekaitz's ghost.
Ekaitz's ghost is heavily damaged.
Ekaitz's ghost hits you.
* * * LOW HITPOINT WARNING * * *
Ekaitz's ghost's shroud bends your attack away.
Ekaitz's ghost hits you.
You die...

#.# #.# #.##
...# #..# #..#
..#####W.######
.......@.....!#
#.#####[.####.#
#.####...##
#.........#
######.<.##
##.## #.# #.#
#+#


You could see Ekaitz's ghost.

Vanquished Creatures
  2 adders (D:2)
  A worm (D:2)
  A dart slug (D:1)
  A leopard gecko (D:1)
  A bat (D:1)
  2 giant cockroaches (D:1)
  8 goblins
  5 hobgoblins
  2 ball pythons (D:1)
  2 frilled lizards
  4 kobolds (D:1)
  7 rats
36 creatures vanquished.

Notes
Turn   | Place    | Note
-------+----------+-------------------------------------------
     0 | D:1      | slep the Demonspawn Gladiator began the quest for the Orb.
     0 | D:1      | Reached XP level 1. HP: 16/16 MP: 1/1
   157 | D:1      | Gained mutation: You have sharp toenails. [demonic ancestry]
   157 | D:1      | Reached XP level 2. HP: 19/22 MP: 2/2
   383 | D:1      | Gained mutation: You sometimes gain a little power by taking damage. [demonic ancestry]
   383 | D:1      | Reached XP level 3. HP: 27/27 MP: 3/3
   906 | D:2      | Reached skill level 1 in Armour
  1395 | D:3      | Noticed Ekaitz's ghost (amateur DrSk)
  1416 | D:3      | Slain by Ekaitz's ghost

Vault maps used:
D:1:      ncdulo_lavacross
D:2:      minmay_misc_feat_square
D:3:      lemuel_coloured_pillars_altar, nicolae_qazlal_general_emergency,
          first_bread, chequers_ecumenical_altar_simple

Skill      XL: |  1  2  3 |
---------------+----------+-----
Long Blades    | 3 |  3.6
Dodging        | 3 |  3.1
Armour         | 1 |  1.2
Fighting       | |  2.1
Throwing       | |  1.8

Action                   || total
-------------------------++-------
Melee: Long sword        ||    91
       Kick              ||    19
 Stab: Sleeping          ||     1
  Eat: Chunk             ||     2
Armor: Leather armour    ||    22
Dodge: Dodged            ||    41
Block: Buckler           ||     8
       Rpst.: Long sword ||    11

Table legend:
 A = Spawn XP
 B = Non-spawn XP
 C = Spawn XP percentage of total XP
 D = Spawn monster count
 E = Non-spawn monster count
 F = Spawn count percentage of total count
 G = Total turns spent on level
                    A         B        C        D         E        F      G
               +---------+---------+-------+---------+---------+-------+---------
         Total |       0 |      88 |   0.0 |       0 |      36 |   0.0 |  1416
               +---------+---------+-------+---------+---------+-------+---------
           D:1 |       0 |      48 |   0.0 |       0 |      27 |   0.0 |   887
           D:2 |       0 |      40 |   0.0 |       0 |       9 |   0.0 |   508
               +---------+---------+-------+---------+---------+-------+---------
